[Event "Titled Tuesday Blitz April 11 Early 2023"]
[White "Averjanov, Alexey"]
[Black "Nguyen, Ngoc Truong Son"]
[WhiteFideId "14109867"]
[BlackFideId "12401110"]
[WhiteElo "2730"]
[BlackElo "2556"]
[Result "0-1"]
[Round "03"]
[TimeControl "180+2"]
[Date "2023.04.11"]
[WhiteClock "0:00:58"]
[BlackClock "0:00:27"]

1. d4 d5 2. c4 c6 3. e3 Nf6 4. Bd3 a6 5. Nd2 Bg4 6. Qc2 e6 7. Ngf3 Nbd7 8. O-O Bd6 9. b3 e5 10. dxe5 Nxe5 11. Be2 Qc7 12. h3 Bh5 13. Bb2 Bg6 14. Qc3 Nxf3+ 15. Nxf3 dxc4 16. Qxc4 O-O 17. Bxf6 gxf6 18. Rfd1 Rad8 19. Rd2 Rfe8 20. Rad1 Bf8 21. Rxd8 Rxd8 22. Rxd8 Qxd8 23. Qd4 Qxd4 24. Nxd4 Bb1 25. a4 Bb4 26. Bd1 c5 27. Bc2 Ba2 28. Nf5 c4 29. bxc4 Bxc4 30. f3 Bc5 31. Kf2 b5 32. axb5 axb5 33. Nd4 Bxd4 34. exd4 b4 35. Ke3 Ba2 36. d5 b3 37. Bxh7+ Kxh7 38. d6 b2 39. d7 b1=Q 40. d8=Q Qe1+ 41. Kf4 Qe5+ 42. Kg4 Qg5# 0-1


[Site "https://www.chess.com"]

[Event "Titled Tuesday Blitz April 11 Early 2023"]
[White "Brodowski, Piotr"]
[Black "Indjic, Aleksandar"]
[WhiteFideId "1124480"]
[BlackFideId "911925"]
[WhiteElo "2351"]
[BlackElo "2614"]
[Result "0-1"]
[Round "03"]
[TimeControl "180+2"]
[Date "2023.04.11"]
[WhiteClock "0:00:04"]
[BlackClock "0:00:16"]

1. Nf3 c5 2. e4 e6 3. d4 cxd4 4. Nxd4 a6 5. Be3 Nf6 6. Bd3 e5 7. Nb3 d6 8. c4 Ng4 9. Bc1 Qh4 10. g3 Qd8 11. Be2 h5 12. Nc3 Be6 13. h3 Nf6 14. Bg5 Nbd7 15. Rc1 Be7 16. Nd2 g6 17. Nf1 Nc5 18. Bxf6 Bxf6 19. Ne3 h4 20. b4 hxg3 21. bxc5 gxf2+ 22. Kxf2 Bh4+ 23. Kg1 Bg5 24. Ncd5 Qa5 25. Rb1 Qxc5 26. Rb3 Bxd5 27. Qxd5 Bxe3+ 28. Kg2 Rb8 29. Rf1 Qxd5 30. cxd5 Bc5 31. Bxa6 b6 32. Bb5+ Ke7 33. Rbf3 Rbf8 34. a4 Rh4 35. Re1 f5 36. Bd3 f4 37. Be2 Ra8 38. Ra1 Bd4 39. Ra2 Rc8 40. Rf1 Rc3 41. Rf3 Rc7 42. a5 bxa5 43. Rxa5 Rc2 44. Kf1 Rh8 45. Rb3 Kf6 46. Ra6 Bc5 47. Rb7 Rxh3 48. Bg4 Rg3 49. Be6 Rg1# 0-1


[Site "https://www.chess.com"]

[Event "Titled Tuesday Blitz April 11 Early 2023"]
[White "Demchenko, Anton"]
[Black "Amilal Munkhdalai"]
[WhiteFideId "4160258"]
[BlackFideId "4903250"]
[WhiteElo "2545"]
[BlackElo "2293"]
[Result "1/2-1/2"]
[Round "03"]
[TimeControl "180+2"]
[Date "2023.04.11"]
[WhiteClock "0:00:02"]
[BlackClock "0:00:09"]

1. e4 c5 2. Nc3 e6 3. Nf3 Nc6 4. d4 cxd4 5. Nxd4 Qc7 6. Be3 a6 7. Bd3 Nf6 8. Qe2 d6 9. O-O Be7 10. f4 O-O 11. Kh1 Bd7 12. Nf3 b5 13. Rae1 b4 14. Nd1 e5 15. Nf2 exf4 16. Bxf4 Ne5 17. Bxa6 Be6 18. Nd4 Nfd7 19. b3 Nc5 20. Nxe6 Nxe6 21. Bxe5 dxe5 22. Bc4 Nd4 23. Qd3 Rxa2 24. Ng4 Rxc2 25. Qg3 Kh8 26. Nxe5 Bd6 27. Rxf7 Rxf7 28. Nxf7+ Qxf7 29. Qxd6 Rxc4 30. Qd8+ Qg8 31. Qxg8+ Kxg8 32. bxc4 Kf7 33. Rd1 Nc6 34. Rd5 Ke6 35. Kg1 b3 36. Rb5 Nd4 37. Rb7 Ke5 38. Rxg7 Kxe4 39. Rb7 Kd3 40. c5 Kc3 41. Kf2 b2 42. Rxb2 Kxb2 43. Ke3 Kc3 44. Kf4 Kc4 45. Kg5 Kxc5 46. Kh6 Kd5 47. Kxh7 Ke4 48. Kg6 Nf5 49. Kg5 Ne3 50. g4 Kf3 51. h3 Kg3 52. Kf6 Nxg4+ 53. hxg4 Kxg4 1/2-1/2


[Site "https://www.chess.com"]

[Event "Titled Tuesday Blitz April 11 Early 2023"]
[White "Fishchuk, Vladyslav"]
[Black "Xiong, Jeffery"]
[WhiteFideId "34122117"]
[BlackFideId "2047640"]
[WhiteElo "2082"]
[BlackElo "2726"]
[Result "1-0"]
[Round "03"]
[TimeControl "180+2"]
[Date "2023.04.11"]
[WhiteClock "0:01:52"]
[BlackClock "0:01:13"]

1. d4 d5 2. Nc3 e6 3. Bf4 Bb4 4. Qd3 c5 5. dxc5 Na6 6. e4 dxe4 7. Qxd8+ Kxd8 8. O-O-O+ Ke7 9. Bd6+ Ke8 10. Bb5+ Bd7 11. Bxd7+ Kxd7 12. Bf8+ Kc6 13. Bxg7 Ne7 14. Bxh8 Rxh8 15. Nxe4 Nxc5 16. Nxc5 Bxc5 17. Nf3 Ng6 18. Nd4+ Kc7 19. c3 a6 20. f3 h5 21. g3 h4 22. f4 Bxd4 23. cxd4 Ne7 24. Kb1 Kd6 25. g4 h3 26. Rhg1 Nd5 27. Rdf1 f5 28. g5 Rh4 29. g6 Rg4 30. Rxg4 fxg4 31. Rg1 Nf6 32. g7 Ke7 33. Rxg4 Kf7 34. Rh4 Kxg7 35. Rxh3 Kg6 36. Rb3 b5 37. Ra3 1-0


[Site "https://www.chess.com"]

[Event "Titled Tuesday Blitz April 11 Early 2023"]
[White "Grigoriants, Sergey"]
[Black "Riff, Vincent"]
[WhiteFideId "4130804"]
[BlackFideId "617776"]
[WhiteElo "2502"]
[BlackElo "2369"]
[Result "1-0"]
[Round "03"]
[TimeControl "180+2"]
[Date "2023.04.11"]
[WhiteClock "0:00:09"]
[BlackClock "0:00:11"]

1. d4 d5 2. c4 c6 3. Nf3 Nf6 4. e3 Bf5 5. Nc3 e6 6. Nh4 Be4 7. f3 Bg6 8. Bd2 Nbd7 9. g3 Bd6 10. Nxg6 hxg6 11. Kf2 b5 12. cxb5 c5 13. dxc5 Nxc5 14. Be2 g5 15. Kg2 g4 16. fxg4 Nfe4 17. Nxe4 Nxe4 18. Bd3 Nxd2 19. Qxd2 Qg5 20. Qe2 Bc5 21. Rhe1 Qe5 22. Rac1 Bd6 23. Qf2 Ke7 24. Rc2 g5 25. e4 d4 26. Rc4 Rh6 27. Rh1 Rf6 28. Qe2 Rh8 29. Qe1 Kf8 30. b4 Kg7 31. a4 Rh4 32. gxh4 Qf4 33. Qe2 gxh4 34. Kh3 Qf3+ 35. Qxf3 Rxf3+ 36. Kxh4 Kg6 37. g5 Rxd3 38. Rf1 Bxh2 39. Rf6+ Kg7 40. Kg4 Be5 41. Rf3 Rd1 42. Rf2 d3 43. Kf3 Ra1 44. Rd2 Rxa4 45. Rxd3 Ra1 46. Rd7 Rg1 47. Rxa7 Rg3+ 48. Kf2 Rxg5 49. b6 Bh2 50. Ke2 Rb5 51. Rb7 Kf6 52. Kd3 Ke5 53. Rxf7 Rxb6 54. Rh7 Bg1 55. Rh5+ Kf6 56. Rh1 Rd6+ 57. Kc3 Be3 58. Rf1+ Ke5 59. b5 Bd2+ 60. Kb3 Be3 61. Rc6 Rd3+ 62. Rc3 Kxe4 63. Rxd3 Kxd3 64. Rf3 e5 65. b6 e4 66. Rxe3+ Kxe3 67. b7 Kd2 68. b8=Q e3 69. Qf4 Kd3 70. Qf3 Kd2 71. Qd5+ Kc1 72. Kc3 e2 73. Qd2+ 1-0


[Site "https://www.chess.com"]

[Event "Titled Tuesday Blitz April 11 Early 2023"]
[White "Weetik, Vjacheslav"]
[Black "Terry, Renato"]
[WhiteFideId "4153472"]
[BlackFideId "3803457"]
[WhiteElo "2469"]
[BlackElo "2575"]
[Result "1-0"]
[Round "03"]
[TimeControl "180+2"]
[Date "2023.04.11"]
[WhiteClock "0:00:13"]
[BlackClock "0:00:30"]

1. e4 e6 2. d4 d5 3. exd5 exd5 4. Nf3 Nc6 5. Bb5 Ne7 6. O-O a6 7. Ba4 b5 8. Bb3 Bg4 9. c3 Ng6 10. h3 Bf5 11. a4 Na5 12. Bc2 Bxc2 13. Qxc2 Be7 14. Nbd2 O-O 15. b4 Nb7 16. Nb3 c6 17. Re1 Bd6 18. Qf5 Qc8 19. Qh5 f6 20. Bd2 Qd7 21. g3 Ne7 22. Kg2 Ng6 23. Qg4 Qxg4 24. hxg4 h6 25. Ra2 Rac8 26. axb5 axb5 27. Ra6 Rf7 28. Nc5 Rfc7 29. Nh4 Nxh4+ 30. gxh4 Kf7 31. h5 Nd8 32. f4 Re7 33. Rxe7+ Kxe7 34. f5 Rc7 35. Kf3 Kf7 36. Bf4 Bxf4 37. Kxf4 Ke7 38. Ra8 Nb7 39. Ra7 Nxc5 40. Rxc7+ Kd6 41. Rxg7 Ne4 42. Rg6 Ke7 43. Rxh6 Nxc3 44. Rh7+ Kf8 45. Rc7 Na2 46. Rxc6 Nxb4 47. Rxf6+ Ke7 48. Rb6 Nc2 49. Ke5 Ne3 50. Rb7+ Ke8 51. g5 1-0


[Site "https://www.chess.com"]

[Event "Titled Tuesday Blitz April 11 Early 2023"]
[White "Petrov, Martin"]
[Black "Kollars, Dmitrij"]
[WhiteFideId "2911086"]
[BlackFideId "12909572"]
[WhiteElo "2430"]
[BlackElo "2584"]
[Result "0-1"]
[Round "03"]
[TimeControl "180+2"]
[Date "2023.04.11"]
[WhiteClock "0:00:04"]
[BlackClock "0:00:14"]

1. Nf3 d5 2. e3 Nf6 3. d4 c5 4. Nbd2 Nc6 5. dxc5 e6 6. a3 a5 7. Bd3 Bxc5 8. O-O b6 9. e4 Bb7 10. Qe2 Qc7 11. exd5 Nxd5 12. Ne4 Be7 13. g3 O-O 14. b3 Ne5 15. Nxe5 Qxe5 16. Bd2 f5 17. Nc3 Bf6 18. Nxd5 Qxd5 19. f3 Bxa1 20. Bc4 Bd4+ 21. Kg2 Qe5 22. Qd3 Rad8 23. Re1 Qc7 24. Rxe6 Kh8 25. Qe2 Bf6 26. Bf4 Qc5 27. Be3 Bd4 28. Bg5 Bd5 29. Bxd8 Bxe6 30. Qxe6 Rxd8 31. h4 Qe5 32. Qf7 h6 0-1


[Site "https://www.chess.com"]

[Event "Titled Tuesday Blitz April 11 Early 2023"]
[White "Bocharov, Dmitry"]
[Black "Movahed, Sina"]
[WhiteFideId "4138716"]
[BlackFideId "42520835"]
[WhiteElo "2469"]
[BlackElo "2225"]
[Result "0-1"]
[Round "03"]
[TimeControl "180+2"]
[Date "2023.04.11"]
[WhiteClock "0:00:46"]
[BlackClock "0:00:40"]

1. d4 Nf6 2. c4 g6 3. g3 Bg7 4. Bg2 O-O 5. Nc3 d6 6. Nf3 Nbd7 7. O-O e5 8. e4 exd4 9. Nxd4 Re8 10. h3 Nc5 11. Re1 h6 12. Kh2 c6 13. Bf4 a5 14. Nb3 a4 15. Nxc5 dxc5 16. Qxd8 Rxd8 17. e5 Ne8 18. Ne4 Bf8 19. Rad1 Be6 20. b3 g5 21. Be3 b6 22. f4 gxf4 23. gxf4 Rxd1 24. Rxd1 axb3 25. axb3 Be7 26. Ng3 Ng7 27. Bxc6 Ra3 28. Rb1 Bxc4 29. bxc4 Rxe3 30. Bd5 Bh4 31. Ne4 Nh5 32. Rxb6 Nxf4 33. Nf6+ Kg7 34. Rb7 Bg3+ 35. Kg1 Re1# 0-1


[Site "https://www.chess.com"]

[Event "Titled Tuesday Blitz April 11 Early 2023"]
[White "Javakhadze, Zurab"]
[Black "Zhigalko, Sergei"]
[WhiteFideId "13603647"]
[BlackFideId "13502956"]
[WhiteElo "2381"]
[BlackElo "2626"]
[Result "0-1"]
[Round "03"]
[TimeControl "180+2"]
[Date "2023.04.11"]
[WhiteClock "0:00:14"]
[BlackClock "0:00:08"]

1. Nf3 d5 2. g3 c6 3. Bg2 Bg4 4. O-O Nd7 5. d3 e6 6. Nbd2 Bd6 7. e4 Ne7 8. h3 Bh5 9. Qe1 O-O 10. b3 a5 11. a3 Re8 12. Bb2 c5 13. Nh4 Nc6 14. f4 Nd4 15. Bxd4 cxd4 16. g4 Bg6 17. exd5 exd5 18. Qf2 Re3 19. Rae1 Rc8 20. Ndf3 Bxf4 21. Nxd4 Rxe1 22. Rxe1 Bd6 23. Nxg6 hxg6 24. Bxd5 Nf6 25. Bxb7 Bc5 26. c3 Rb8 27. Bg2 Rxb3 28. Qc2 Rxc3 0-1


[Site "https://www.chess.com"]

[Event "Titled Tuesday Blitz April 11 Early 2023"]
[White "Corrales Jimenez, Fidel"]
[Black "Schmakel, Sam"]
[WhiteFideId "3506690"]
[BlackFideId "2039311"]
[WhiteElo "2541"]
[BlackElo "2356"]
[Result "0-1"]
[Round "03"]
[TimeControl "180+2"]
[Date "2023.04.11"]
[WhiteClock "0:00:01"]
[BlackClock "0:00:06"]

1. d4 Nf6 2. c4 e6 3. g3 d5 4. Bg2 Bb4+ 5. Bd2 Be7 6. Qc2 c6 7. b3 O-O 8. Nc3 Nbd7 9. e3 b6 10. Nge2 Ba6 11. O-O Rc8 12. Rfc1 dxc4 13. Bf1 e5 14. Ne4 Nxe4 15. Qxe4 Re8 16. Qf3 Ba3 17. Rc2 cxb3 18. axb3 e4 19. Qf5 Bd3 20. Rxa3 Bxc2 21. Rxa7 Rc7 22. Ra3 Bd3 23. Nf4 Bxf1 24. Kxf1 Nf6 25. g4 g6 26. Qg5 Nd5 27. Qh6 Qd6 28. Ra6 Nxf4 29. exf4 Qxd4 30. f5 Rd7 31. Ra2 e3 32. fxe3 Qxg4 33. fxg6 hxg6 0-1


[Site "https://www.chess.com"]

[Event "Titled Tuesday Blitz April 11 Early 2023"]
[White "Nazari, Arad"]
[Black "Samadov, Read"]
[WhiteFideId "12577324"]
[BlackFideId "13417444"]
[WhiteElo "2242"]
[BlackElo "2355"]
[Result "1-0"]
[Round "03"]
[TimeControl "180+2"]
[Date "2023.04.11"]
[WhiteClock "0:00:29"]
[BlackClock "0:00:15"]

1. e4 c5 2. Nf3 d6 3. Bb5+ Nd7 4. d4 Nf6 5. e5 cxd4 6. Qxd4 dxe5 7. Nxe5 a6 8. Bxd7+ Nxd7 9. O-O Qb6 10. Qxb6 Nxb6 11. Nc3 f6 12. Be3 Nd7 13. Nd5 Nxe5 14. Nc7+ Kd7 15. Nxa8 Kc6 16. Nb6 Bf5 17. Rfd1 g5 18. Rd8 Bg7 19. Rxh8 Bxh8 20. c4 Be6 21. b3 f5 22. Rd1 Ng4 23. Nd5 Nxe3 24. Nxe7+ Kc5 25. fxe3 b5 26. Nxf5 bxc4 27. Nd4 Bd5 28. bxc4 Bxc4 29. Rd2 Kb4 30. Rc2 Bf6 31. Nc6+ Kb5 32. Nd4+ Kb4 33. Kf2 g4 34. Kg3 h5 35. Kf4 Bd5 36. Rb2+ Kc5 37. g3 a5 38. Rb5+ Kd6 39. Rxa5 Bd8 40. Nf5+ Ke6 41. Ng7+ Kd6 42. Rxd5+ Kxd5 43. Nxh5 1-0


[Site "https://www.chess.com"]

[Event "Titled Tuesday Blitz April 11 Early 2023"]
[White "Dronavalli, Harika"]
[Black "Eljanov, Pavel"]
[WhiteFideId "5015197"]
[BlackFideId "14102951"]
[WhiteElo "2432"]
[BlackElo "2598"]
[Result "1/2-1/2"]
[Round "03"]
[TimeControl "180+2"]
[Date "2023.04.11"]
[WhiteClock "0:00:21"]
[BlackClock "0:00:07"]

1. e4 c6 2. Nf3 d5 3. exd5 cxd5 4. Ne5 Nc6 5. Bb5 Bd7 6. Nxd7 Qxd7 7. O-O a6 8. Be2 Nd4 9. Bd3 g6 10. Re1 Bg7 11. c3 Nc6 12. Bf1 d4 13. Na3 Nf6 14. Nc4 Nd5 15. a4 O-O 16. a5 Rad8 17. Qb3 h5 18. h3 h4 19. Be2 Nf4 20. Bf1 d3 21. Ra4 e5 22. Nb6 Qf5 23. Nc4 Rd7 24. Ne3 Qg5 25. Kh1 Kh8 26. Qc4 f5 27. b3 e4 28. Ba3 Ne5 29. Qc5 Re8 30. Rd4 Rxd4 31. cxd4 Nc6 32. d5 Ne5 33. Bb2 Nf7 34. Bxg7+ Kxg7 35. d6 Rd8 36. Qc7 Rxd6 37. Qxb7 Qd8 38. b4 Re6 39. Rc1 Re7 40. Qxa6 Ne6 41. Qc8 Qd6 42. Rc6 Qe5 43. Nc4 Qa1 44. Rxe6 Qxf1+ 45. Kh2 Rxe6 46. Qxe6 Qxf2 47. a6 Qg3+ 48. Kh1 Qe1+ 49. Kh2 f4 50. Ne5 Qg3+ 51. Kh1 Qe1+ 52. Kh2 Qg3+ 53. Kh1 Nxe5 54. Qxe5+ Kh6 55. Qh8+ Kg5 56. Qd8+ Kh6 57. Qh8+ Kg5 58. Qe5+ Kh6 59. Qh8+ 1/2-1/2


[Site "https://www.chess.com"]

[Event "Titled Tuesday Blitz April 11 Early 2023"]
[White "Mitrabha, Guha"]
[Black "Tan, Zhongyi"]
[WhiteFideId "5057000"]
[BlackFideId "8603642"]
[WhiteElo "2507"]
[BlackElo "2519"]
[Result "1-0"]
[Round "03"]
[TimeControl "180+2"]
[Date "2023.04.11"]
[WhiteClock "0:00:15"]
[BlackClock "0:00:01"]

1. d4 d5 2. Bf4 Nf6 3. e3 Bg4 4. Nf3 e6 5. c4 Bb4+ 6. Nc3 O-O 7. Be2 c5 8. O-O dxc4 9. dxc5 Bxc5 10. Bxc4 Nc6 11. h3 Bh5 12. Be2 Qe7 13. Bg5 Rfd8 14. Qa4 h6 15. Bh4 Bg6 16. Rac1 a6 17. Rfd1 b5 18. Rxd8+ Qxd8 19. Nxb5 axb5 20. Qxb5 Be4 21. Qxc5 Rxa2 22. Rd1 Qa5 23. Qc1 Qb4 24. Nd2 Bd5 25. Bxf6 gxf6 26. e4 Bxe4 27. Nxe4 1-0


[Site "https://www.chess.com"]

[Event "Titled Tuesday Blitz April 11 Early 2023"]
[White "Karthikeyan, Murali"]
[Black "Anton Guijarro, David"]
[WhiteFideId "5074452"]
[BlackFideId "2285525"]
[WhiteElo "2523"]
[BlackElo "2618"]
[Result "0-1"]
[Round "03"]
[TimeControl "180+2"]
[Date "2023.04.11"]
[WhiteClock "0:00:02"]
[BlackClock "0:00:04"]

1. e4 e5 2. Nf3 Nc6 3. Nc3 Nf6 4. g3 Bc5 5. Bg2 d6 6. O-O a5 7. d3 O-O 8. Be3 Bxe3 9. fxe3 Be6 10. Nh4 g6 11. Qe2 Ne8 12. Rf2 f6 13. Raf1 Ne7 14. Nd5 Nxd5 15. exd5 Bd7 16. e4 c6 17. dxc6 bxc6 18. Bf3 Qc8 19. Ng2 a4 20. Ne3 Be6 21. b3 axb3 22. axb3 Ra7 23. Bg4 Raf7 24. Bxe6 Qxe6 25. Qd2 d5 26. exd5 cxd5 27. d4 e4 28. Ra1 f5 29. c4 Nc7 30. Ra5 Qb6 31. Qc3 f4 32. gxf4 Rxf4 33. Rxf4 Rxf4 34. cxd5 Rf3 35. Rc5 Qf6 36. Rxc7 Qg5+ 37. Kh1 Rxe3 38. Qb4 Rf3 39. Rc8+ Kg7 40. Qe1 e3 41. Rc7+ Kh6 42. Rc2 Qf4 43. Kg2 Qe4 0-1


[Site "https://www.chess.com"]

[Event "Titled Tuesday Blitz April 11 Early 2023"]
[White "Iliaguev, Nisim"]
[Black "Drygalov, Andrey"]
[WhiteFideId "2817276"]
[BlackFideId "24171735"]
[WhiteElo "2241"]
[BlackElo "2466"]
[Result "1/2-1/2"]
[Round "03"]
[TimeControl "180+2"]
[Date "2023.04.11"]
[WhiteClock "0:00:28"]
[BlackClock "0:00:14"]

1. d4 Nf6 2. Nf3 d5 3. g3 g6 4. Bg2 Bg7 5. O-O O-O 6. c4 c6 7. cxd5 cxd5 8. Nc3 e6 9. Ne5 Nfd7 10. Nxd7 Qxd7 11. h4 Nc6 12. e3 b6 13. b3 Ba6 14. Re1 Rfc8 15. Bb2 Rc7 16. Qd2 Rac8 17. Bf1 Bxf1 18. Rxf1 Ne7 19. Rac1 Nf5 20. Na4 Nd6 21. Rxc7 Rxc7 22. Rc1 Ne4 23. Rxc7 Qxc7 24. Qc1 Qxc1+ 25. Bxc1 Bf8 26. Kf1 h5 27. Nb2 f6 28. Nd3 g5 29. a4 Bd6 30. Ke2 Kf7 31. Bd2 a5 32. Be1 Kg6 33. Kf3 g4+ 34. Ke2 Kf5 35. Kd1 e5 36. Ke2 Bc7 37. Kd1 Nd6 38. dxe5 fxe5 39. Bc3 Ne4 40. Bb2 Bd6 41. Ke2 Nc5 42. Nxc5 Bxc5 43. Kd3 Bb4 44. Ba1 Be1 45. Ke2 Bb4 46. Kd3 Bc5 47. Bb2 Be7 48. Ba1 Ba3 49. Bc3 Bc5 50. Bb2 1/2-1/2


[Site "https://www.chess.com"]

[Event "Titled Tuesday Blitz April 11 Early 2023"]
[White "Iskusnyh, Sergei"]
[Black "Ibarra Jerez, Jose Carlos"]
[WhiteFideId "4120027"]
[BlackFideId "2226332"]
[WhiteElo "2492"]
[BlackElo "2638"]
[Result "0-1"]
[Round "03"]
[TimeControl "180+2"]
[Date "2023.04.11"]
[WhiteClock "0:00:05"]
[BlackClock "0:01:06"]

1. d4 Nf6 2. c4 d6 3. Nf3 g6 4. g3 Bf5 5. Nc3 Ne4 6. Nxe4 Bxe4 7. Bh3 Bxf3 8. exf3 d5 9. O-O Nc6 10. Be3 Bg7 11. Qb3 O-O 12. Rfd1 Na5 13. Qc3 Nxc4 14. b3 Nd6 15. Rac1 c6 16. Qb4 Qb6 17. Qa4 e6 18. Bf1 Nf5 19. Kg2 Rfe8 20. Rc5 e5 21. b4 Nxe3+ 22. fxe3 exd4 23. exd4 Bf8 24. Rc3 Bg7 25. Rcd3 Re6 26. a3 Rae8 27. Qc2 Re3 28. R3d2 Rxa3 29. Re2 Rxe2+ 30. Qxe2 Bxd4 31. Qe8+ Kg7 32. Rd2 Re3 33. Qc8 Qxb4 34. Re2 Rxe2+ 35. Bxe2 Qd2 36. Qe8 Qe3 0-1


[Site "https://www.chess.com"]

[Event "Titled Tuesday Blitz April 11 Early 2023"]
[White "Rustemov, Alexander"]
[Black "Ingebretsen, Jens E"]
[WhiteFideId "4119002"]
[BlackFideId "1522965"]
[WhiteElo "2888"]
[BlackElo "2213"]
[Result "1/2-1/2"]
[Round "03"]
[TimeControl "180+2"]
[Date "2023.04.11"]
[WhiteClock "0:00:09"]
[BlackClock "0:00:05"]

1. d4 Nf6 2. c4 e6 3. Nf3 d5 4. Nc3 c5 5. cxd5 Nxd5 6. g3 Nc6 7. Bg2 Nxc3 8. bxc3 cxd4 9. Nxd4 Nxd4 10. Qxd4 Qxd4 11. cxd4 Bb4+ 12. Bd2 Bxd2+ 13. Kxd2 Rb8 14. Rhc1 Kd8 15. a4 b6 16. a5 b5 17. Kc3 Bb7 18. Bxb7 Rxb7 19. Kb4 Kd7 20. a6 Rb6 21. Rc5 Rc8 22. Ra5 Rcc6 23. Raxb5 Rxa6 24. Rb7+ Ke8 25. Kc4 g6 26. e4 h5 27. f4 Rxc5+ 28. Kxc5 Ra2 29. Kd6 Kf8 30. Ke5 Kg7 31. h4 a5 32. Ra7 a4 33. Kd6 a3 34. Ke7 Rd2 35. Ke8 Rxd4 36. Rxf7+ Kh6 37. Ra7 Rxe4 38. Kf7 Rb4 39. Rxa3 Rb7+ 40. Kf6 Rb6 41. Re3 e5+ 42. Kxe5 Rb5+ 43. Kf6 Rb6+ 44. Re6 Rb7 45. f5 gxf5 46. Kxf5+ Kg7 47. Rg6+ Kh7 48. Re6 Rb5+ 49. Re5 Rb3 50. Kf4 Rb4+ 51. Re4 Rb5 52. Re7+ Kg6 53. Re6+ Kg7 54. Re5 Rb4+ 55. Kf3 Rb3+ 56. Kf2 Rb2+ 57. Kf3 Rb3+ 58. Re3 Rb4 59. Re4 Rb3+ 60. Kf4 Kf6 61. Rc4 Ra3 62. Rc6+ Kg7 63. Rc5 Kg6 64. Rc6+ Kg7 65. Rd6 Ra4+ 66. Kf5 Ra5+ 67. Ke4 Ra4+ 68. Rd4 Ra5 69. Kf4 Kg6 70. Rd6+ Kg7 71. Re6 Rb5 72. Re5 Rb4+ 73. Kg5 Rg4+ 74. Kxh5 Rxg3 75. Re7+ Kh8 76. Kh6 Kg8 77. h5 Rg1 78. Re8+ Kf7 79. Ra8 Rg2 80. Ra6 Rg1 81. Rg6 Rh1 82. Rg2 Ra1 83. Kh7 Ra8 84. Rf2+ Ke6 85. h6 Ra7+ 86. Kg6 Ra1 87. Re2+ Kd7 88. Rh2 Rg1+ 89. Kf5 Rf1+ 90. Ke5 Re1+ 91. Kf6 Rf1+ 92. Kg7 Rg1+ 93. Kh8 Ke7 94. h7 Kf7 95. Rf2+ Ke7 96. Rf3 Ke8 97. Ra3 Kf7 98. Ra7+ Kf8 99. Ra8+ Kf7 100. Ra7+ Kf8 101. Ra6 Kf7 102. Ra5 Kf6 103. Ra8 Kf7 104. Rg8 Ra1 105. Rg2 Rh1 106. Rf2+ Ke7 107. Rf4 Rg1 108. Rf5 Rg2 109. Ra5 Kf7 110. Ra8 Rg1 1/2-1/2


[Site "https://www.chess.com"]

[Event "Titled Tuesday Blitz April 11 Early 2023"]
[White "Vysochin, Spartak"]
[Black "Kravtsiv, Martyn"]
[WhiteFideId "14103516"]
[BlackFideId "14113147"]
[WhiteElo "2367"]
[BlackElo "2695"]
[Result "0-1"]
[Round "03"]
[TimeControl "180+2"]
[Date "2023.04.11"]
[WhiteClock "0:00:02"]
[BlackClock "0:00:11"]

1. e4 e5 2. Nf3 Nc6 3. Nc3 Nf6 4. Bb5 Bd6 5. d3 a6 6. Bxc6 dxc6 7. O-O O-O 8. Ne2 Nd7 9. Be3 Re8 10. h3 Nf8 11. Nh2 Ng6 12. Qd2 f6 13. Kh1 Be6 14. f4 exf4 15. Nxf4 Nxf4 16. Bxf4 Bf8 17. Rf3 Qd7 18. Rg3 Kh8 19. Rf1 c5 20. b3 Rad8 21. Qf2 b5 22. Bc1 c4 23. Bb2 cxd3 24. cxd3 Re7 25. d4 c6 26. Ng4 Rf7 27. Ne3 a5 28. Qf3 a4 29. Qh5 Qe8 30. d5 cxd5 31. exd5 Bc8 32. Rf4 Re7 33. Qh4 Rxe3 34. Rxf6 Rxg3 35. Qxg3 a3 36. Be5 Rxd5 37. Bc3 b4 0-1


[Site "https://www.chess.com"]

[Event "Titled Tuesday Blitz April 11 Early 2023"]
[White "Zhu, Jiner"]
[Black "Narayanan, Srinath"]
[WhiteFideId "8608059"]
[BlackFideId "5018420"]
[WhiteElo "2384"]
[BlackElo "2438"]
[Result "1-0"]
[Round "03"]
[TimeControl "180+2"]
[Date "2023.04.11"]
[WhiteClock "0:00:09"]
[BlackClock "0:00:13"]

1. e4 c6 2. d4 d5 3. e5 c5 4. dxc5 e6 5. a3 Bxc5 6. b4 Bb6 7. Qg4 Ne7 8. Nf3 Ng6 9. Bd3 Nc6 10. Bb2 Nce7 11. h4 h5 12. Qh3 Nf4 13. Qg3 Nxd3+ 14. cxd3 Nf5 15. Qf4 Bd7 16. a4 a5 17. b5 Bc5 18. O-O Rh6 19. d4 Be7 20. g3 Rg6 21. Kh2 Rg4 22. Qd2 g5 23. hxg5 Bxg5 24. Nxg5 Qxg5 25. Qxg5 Rxg5 26. Nd2 h4 27. gxh4 Rg4 28. Nf3 O-O-O 29. Ra3 Rh8 30. Kh3 Re4 31. Rd3 Nxh4 32. Nxh4 Rexh4+ 33. Kg2 Rh2+ 34. Kf3 Kb8 35. Ke2 f6 36. exf6 R2h6 37. Rf3 Rf8 38. Rg1 Be8 39. Ba3 Bh5 40. Bxf8 Bxf3+ 41. Ke3 Rxf6 42. Be7 Rf7 43. Bd6+ Kc8 44. Rc1+ Kd8 45. Be5 Be4 46. f4 Rh7 47. Rg1 Rh3+ 48. Kf2 Rh2+ 49. Ke3 Ra2 50. Rg8+ Kd7 51. Rg7+ Kc8 52. Rxb7 Kd8 53. Rb8+ Kd7 54. Rb7+ Kc8 55. Rc7+ Kd8 56. b6 Rb2 57. b7 Rb3+ 58. Kf2 Rb2+ 59. Kg3 1-0


[Site "https://www.chess.com"]

[Event "Titled Tuesday Blitz April 11 Early 2023"]
[White "Chernobay, Artem"]
[Black "Kuzubov, Yuriy"]
[WhiteFideId "4167406"]
[BlackFideId "14112906"]
[WhiteElo "2474"]
[BlackElo "2496"]
[Result "0-1"]
[Round "03"]
[TimeControl "180+2"]
[Date "2023.04.11"]
[WhiteClock "0:00:07"]
[BlackClock "0:00:19"]

1. e4 c5 2. Nf3 Nc6 3. Bb5 g6 4. Bxc6 bxc6 5. d3 Bg7 6. Qe2 d6 7. e5 Bg4 8. exd6 Qxd6 9. O-O Nf6 10. Nbd2 O-O 11. h3 Bxf3 12. Qxf3 Nd5 13. Nc4 Qc7 14. Re1 Rab8 15. c3 e6 16. Re2 Rfd8 17. Bg5 Rd7 18. h4 h6 19. Bd2 Qd8 20. h5 g5 21. Rd1 Nb6 22. Na5 Rxd3 23. Nxc6 Rxf3 24. Nxd8 Rd3 25. Nc6 Rb7 26. Na5 Rbd7 27. Nb3 R7d5 28. Kf1 Nc4 29. Ke1 Nxb2 30. Rb1 Nc4 31. Be3 Bxc3+ 32. Kf1 Rd1+ 0-1


[Site "https://www.chess.com"]

[Event "Titled Tuesday Blitz April 11 Early 2023"]
[White "Vakhlamov, Igor L."]
[Black "Annaberdiyev, Meylis"]
[WhiteFideId "24126748"]
[BlackFideId "14000563"]
[WhiteElo "2400"]
[BlackElo "2416"]
[Result "1/2-1/2"]
[Round "03"]
[TimeControl "180+2"]
[Date "2023.04.11"]
[WhiteClock "0:00:14"]
[BlackClock "0:00:09"]

1. e4 c5 2. Nf3 Nc6 3. Nc3 e6 4. Bb5 Nd4 5. Bd3 Ne7 6. O-O Ndc6 7. Bb5 a6 8. Bxc6 Nxc6 9. d4 cxd4 10. Nxd4 d6 11. Nxc6 bxc6 12. Qh5 Be7 13. b3 O-O 14. Bb2 e5 15. Rad1 Qe8 16. Ba3 c5 17. Nd5 Bd8 18. Ne3 Be7 19. Rd2 Be6 20. Rfd1 a5 21. Bb2 a4 22. Nf5 Bxf5 23. Qxf5 axb3 24. axb3 Qc8 25. Qf3 f5 26. exf5 Qxf5 27. Qxf5 Rxf5 28. g3 Kf7 29. Kg2 Ke6 30. Bc3 Ra3 31. Re2 g5 32. Red2 Rf8 33. Re2 h5 34. h3 Rf7 35. Rf1 Kd7 36. Ra1 Rxa1 37. Bxa1 Rf8 38. c4 Ra8 39. Bb2 Rb8 40. Re3 g4 41. hxg4 hxg4 42. f3 Bg5 43. Rd3 gxf3+ 44. Kxf3 Ke6 45. Ke4 Rb4 46. g4 Bf4 47. Kf3 Rb7 48. Rd1 Rh7 49. Rd3 Rh3+ 50. Ke4 Rh2 51. Bc3 Rg2 52. Kf3 Rg3+ 53. Ke2 Rxg4 54. b4 cxb4 55. Bxb4 Rg2+ 56. Kf1 Rg5 57. Bxd6 Kf5 58. c5 e4 59. Rd5+ Kg4 60. Rxg5+ Bxg5 61. Bf4 Bd8 62. Bd6 Kf5 63. Ke2 Ke6 64. Ke3 Kd5 65. Ke2 Ba5 66. Be7 Bb4 67. Ke3 Ba3 68. Ke2 Bxc5 69. Bg5 Bd6 70. Be3 Be5 71. Bg5 Bd4 72. Bf4 Ke6 73. Bg5 Kf5 74. Bd2 Be5 75. Be3 Bf4 76. Bd4 Kg4 77. Bc5 Kf5 78. Bd4 Be5 79. Bf2 Bf6 80. Be3 Ke5 81. Bf2 Kd5 82. Be3 Bd4 83. Bf4 Be5 84. Bg5 Bd4 85. Bf4 1/2-1/2


[Site "https://www.chess.com"]